[Event "EYCC Girls-U14 2019"]
[Site "Bratislava"]
[Date "2019.08.06"]
[Round "5.3"]
[White "Allahverdiyeva, Ayan"]
[Black "Hakobyan, Astghik"]
[Result "1-0"]
[ECO "C07"]
[WhiteElo "2114"]
[BlackElo "1863"]
[Annotator "NA"]
[PlyCount "105"]
[EventDate "2019.08.02"]
[EventType "swiss"]
[EventCountry "SVK"]
[SourceTitle "playchess.com"]
[Source "ChessBase"]
[SourceQuality "1"]
[TimeControl "40/5400+30:1800+30"]

1. e4 e6 2. d4 d5 3. Nd2 c5 4. exd5 Qxd5 5. Ngf3 cxd4 6. Bc4 Qd6 7. O-O Nf6 8. Nb3 Nc6 9. Nbxd4 Nxd4 10. Nxd4 a6 11. Re1 Be7 12. c3 O-O 13. Qf3 Qc7 14. Bb3 Rd8 15. h3 Bd7 16. Bf4 Bd6 17. Bxd6 Qxd6 18. Qxb7 e5 19. Nf3 Rdb8 20. Rad1 Qxd1 21. Qxb8+ Rxb8 22. Rxd1 Re8 23. Rd6 Bb5 24. c4 Ne4 25. Rd5 Bc6 26. Ra5 Bb7 27. Rxe5 Rxe5 28. Nxe5 Kf8 29. Bc2 Ke7 30. b4 f6 31. Nf3 Nc3 32. a3 Bxf3 33. gxf3 Ne2+ 34. Kg2 g6 35. h4 f5 36. c5 Kd7 37. Bb3 Nd4 38. Bg8 h6 39. Bd5 Kc7 40. f4 Nc2 41. Bc4 Kb7 42. Kf1 Nd4 43. Bf7 Kc6 44. Bxg6 Kd5 45. Bf7+ Ke4 46. Bc4 Kxf4 47. Bxa6 Ke5 48. Bb7 Nc2 49. a4 Nd4 50. a5 Nb5 51. Bc6 Na7 52. Bd7 Kd5 53. b5 1-0

[Event "EYCC Girls-U14 2019"]
[Site "Bratislava"]
[Date "2019.08.06"]
[Round "5.4"]
[White "Bondareva, Daria"]
[Black "Wikar, Martyna"]
[Result "1/2-1/2"]
[ECO "B31"]
[WhiteElo "1998"]
[BlackElo "2020"]
[Annotator "NA"]
[PlyCount "66"]
[EventDate "2019.08.02"]
[EventType "swiss"]
[EventCountry "SVK"]
[SourceTitle "playchess.com"]
[Source "ChessBase"]
[SourceQuality "1"]
[TimeControl "40/5400+30:1800+30"]

1. e4 c5 2. Nf3 Nc6 3. Bb5 g6 4. O-O Bg7 5. Bxc6 bxc6 6. Re1 Nf6 7. d3 O-O 8. e5 Nd5 9. c4 Nc7 10. d4 cxd4 11. Nxd4 Bb7 12. Nb3 Ne6 13. Bd2 a5 14. Bc3 a4 15. Nd4 Nxd4 16. Bxd4 Qa5 17. Na3 c5 18. Bc3 Qc7 19. Nc2 Ra6 20. Qg4 d5 21. cxd5 Bxd5 22. Ne3 Be6 23. Qe2 Qb7 24. a3 Bb3 25. Nc4 Qa8 26. Nd2 Bd5 27. f3 f5 28. Rad1 Be6 29. Nf1 Bh6 30. Qf2 Qa7 31. Qh4 Bg7 32. Qf2 Bh6 33. Qh4 Bg7 1/2-1/2

[Event "EYCC Girls-U14 2019"]
[Site "Bratislava"]
[Date "2019.08.06"]
[Round "5.5"]
[White "Zeliantsova, Kseniya"]
[Black "Tarasenka, Aliaksandra"]
[Result "1/2-1/2"]
[ECO "B31"]
[WhiteElo "1907"]
[BlackElo "2231"]
[Annotator "NA"]
[PlyCount "149"]
[EventDate "2019.08.02"]
[EventType "swiss"]
[EventCountry "SVK"]
[SourceTitle "playchess.com"]
[Source "ChessBase"]
[SourceQuality "1"]
[TimeControl "40/5400+30:1800+30"]

1. e4 c5 2. Nf3 Nc6 3. Bb5 g6 4. O-O Bg7 5. c3 Nf6 6. e5 Nd5 7. d4 cxd4 8. cxd4 O-O 9. Nc3 Nxc3 10. bxc3 d6 11. exd6 Qxd6 12. Re1 a6 13. Bxc6 Qxc6 14. Bd2 Re8 15. Ne5 Qc7 16. Qf3 f6 17. Nd3 e5 18. Rab1 Rb8 19. Rb2 b6 20. dxe5 fxe5 21. Qe3 Bf5 22. h3 Rbd8 23. Nc1 b5 24. Nb3 Rd3 25. Qc5 Rc8 26. Qxc7 Rxc7 27. g4 Bc8 28. Re3 Rxe3 29. Bxe3 Rxc3 30. Rd2 Kf7 31. Nc5 Bf8 32. Ne4 Rc6 33. Rd5 Ke6 34. Rd8 Be7 35. Ng5+ Bxg5 36. Bxg5 Rc7 37. Be3 Bb7 38. Rb8 Kd5 39. Rd8+ Kc4 40. Bb6 Re7 41. Kf1 b4 42. Rd1 Kb5 43. Be3 Rc7 44. Ke2 Rc2+ 45. Rd2 Rxd2+ 46. Kxd2 Bd5 47. a3 bxa3 48. Kc2 Kc4 49. Kb1 Be6 50. Ka2 Kb4+ 51. Ka1 Kc3 52. Bc1 Kd3 53. g5 Ke2 54. Be3 Kf3 55. Kb1 Kg2 56. Ka1 Kxh3 57. Kb1 Kg4 58. Ka1 Bg8 59. Kb1 Kf5 60. Ka1 h5 61. gxh6 g5 62. h7 Bxh7 63. Ka2 g4 64. Kxa3 Ke4 65. Bb6 Kf3 66. Ka4 Bd3 67. Ka5 e4 68. Ka4 g3 69. fxg3 Kxg3 70. Ka5 Kf3 71. Ka4 e3 72. Bxe3 Kxe3 73. Ka3 Kd2 74. Ka2 Kc1 75. Ka1 1/2-1/2

[Event "EYCC Girls-U14 2019"]
[Site "Bratislava"]
[Date "2019.08.06"]
[Round "5.6"]
[White "Obrochta, Lena"]
[Black "Roebers, Eline"]
[Result "1/2-1/2"]
[ECO "B46"]
[WhiteElo "1598"]
[BlackElo "2069"]
[Annotator "NA"]
[PlyCount "111"]
[EventDate "2019.08.02"]
[EventType "swiss"]
[EventCountry "SVK"]
[SourceTitle "playchess.com"]
[Source "ChessBase"]
[SourceQuality "1"]
[TimeControl "40/5400+30:1800+30"]

1. e4 c5 2. Nf3 e6 3. d4 cxd4 4. Nxd4 Nc6 5. Nc3 a6 6. Be3 Nf6 7. Bd3 d5 8. exd5 exd5 9. O-O Bd6 10. h3 O-O 11. Nce2 Qc7 12. c3 Bd7 13. Rc1 Rfe8 14. Bb1 Ne5 15. b3 Rac8 16. Ng3 Ng6 17. Ngf5 Be5 18. h4 h5 19. f3 Bxf5 20. Bxf5 Rcd8 21. Bg5 Bf4 22. Rc2 Bxg5 23. hxg5 Nd7 24. f4 Nxf4 25. Rcf2 Ng6 26. Qxh5 Nde5 27. Nf3 Qb6 28. Kh1 Qe3 29. Nxe5 Qxe5 30. Rf3 Nf8 31. Bh7+ Nxh7 32. Qxf7+ Kh8 33. g6 Qe6 34. Rh3 Qxf7 35. Rxh7+ Kg8 36. Rxf7 b5 37. Rfxg7+ Kf8 38. Ra7 Kg8 39. Rxa6 b4 40. Rc6 bxc3 41. Rxc3 d4 42. Rd3 Re3 43. Rh3 Rxd3 44. Rxd3 Kg7 45. Kg1 Kxg6 46. Kf2 Kf5 47. Ke2 Rg8 48. Rf3+ Ke4 49. g3 Rc8 50. Rf4+ Ke5 51. Kd2 Rg8 52. Rf3 Ke4 53. Rd3 Rh8 54. Kc2 Rc8+ 55. Kd2 Rh8 56. Kc2 1/2-1/2

[Event "EYCC Girls-U14 2019"]
[Site "Bratislava"]
[Date "2019.08.06"]
[Round "5.7"]
[White "Sovina, Maria"]
[Black "Lhotska, Anna"]
[Result "0-1"]
[ECO "E39"]
[WhiteElo "1757"]
[BlackElo "1922"]
[Annotator "NA"]
[PlyCount "78"]
[EventDate "2019.08.02"]
[EventType "swiss"]
[EventCountry "SVK"]
[SourceTitle "playchess.com"]
[Source "ChessBase"]
[SourceQuality "1"]
[TimeControl "40/5400+30:1800+30"]

1. d4 Nf6 2. c4 e6 3. Nc3 Bb4 4. Qc2 c5 5. dxc5 O-O 6. a3 Bxc5 7. Nf3 b6 8. b4 Be7 9. e3 Bb7 10. Be2 Nc6 11. O-O Rc8 12. Bb2 Qc7 13. Qb3 Qb8 14. Rac1 d6 15. Rfd1 Nd7 16. Na4 Rc7 17. Nd4 Nce5 18. f4 Ng6 19. f5 exf5 20. Nxf5 Nde5 21. Nxe7+ Rxe7 22. c5 dxc5 23. bxc5 Nh4 24. Bxe5 Qxe5 25. c6 Qe4 26. Bf1 Bxc6 27. Rd4 Nf3+ 28. gxf3 Qxf3 29. Rf4 Qh1+ 30. Kf2 Qxh2+ 31. Ke1 Qg3+ 32. Ke2 Qxf4 33. Rxc6 Qh2+ 34. Ke1 Rd8 35. Rc2 Qg3+ 36. Ke2 Qg4+ 37. Kf2 Re6 38. Rc4 Rf6+ 39. Ke1 Qg3+ 0-1

[Event "EYCC Girls-U14 2019"]
[Site "Bratislava"]
[Date "2019.08.06"]
[Round "5.8"]
[White "Toth, Nikoletta"]
[Black "Pipiras, Filipa Fortuna"]
[Result "1/2-1/2"]
[ECO "A06"]
[WhiteElo "2023"]
[BlackElo "1980"]
[Annotator "NA"]
[PlyCount "101"]
[EventDate "2019.08.02"]
[EventType "swiss"]
[EventCountry "SVK"]
[SourceTitle "playchess.com"]
[Source "ChessBase"]
[SourceQuality "1"]
[TimeControl "40/5400+30:1800+30"]

1. Nf3 d5 2. g3 Nf6 3. Bg2 e6 4. O-O Be7 5. c4 O-O 6. b3 c5 7. Bb2 Nc6 8. cxd5 exd5 9. d4 b6 10. Nc3 Bb7 11. Na4 Ne4 12. dxc5 bxc5 13. Rc1 Rc8 14. Nd2 Na5 15. Nxe4 dxe4 16. Qxd8 Rfxd8 17. Bc3 Nc6 18. Bxe4 Ba6 19. Rc2 Nd4 20. Bxd4 cxd4 21. Rfc1 Ba3 22. Rxc8 Rxc8 23. Rd1 Bxe2 24. Rxd4 Bb5 25. Kg2 g6 26. Bd3 Bxd3 27. Rxd3 Rc2 28. Nc3 Bb4 29. Nd5 Bc5 30. Nf6+ Kg7 31. Ne4 Bb4 32. a4 Rb2 33. Rf3 h6 34. Nf6 Rd2 35. Ng4 Bd6 36. Ne3 Bc5 37. Nc4 Re2 38. Kf1 Re6 39. Rd3 Re7 40. Ne3 Rb7 41. Ke2 Kf6 42. f4 Ke6 43. Kf3 h5 44. Nc4 f6 45. h3 Rb8 46. Ke4 Rb7 47. Kf3 Rb8 48. Nd2 Rb7 49. Ke2 Rb8 50. Nc4 Rb7 51. Kf3 {[%emt 0:02:31] Ke5 Ke4+} 1/2-1/2

[Event "EYCC Girls-U14 2019"]
[Site "Bratislava"]
[Date "2019.08.06"]
[Round "5.9"]
[White "Kasaeva, Sofiia"]
[Black "Zhou, Lulu"]
[Result "1/2-1/2"]
[ECO "C95"]
[WhiteElo "1897"]
[BlackElo "1944"]
[Annotator "NA"]
[PlyCount "81"]
[EventDate "2019.08.02"]
[EventType "swiss"]
[EventCountry "SVK"]
[SourceTitle "playchess.com"]
[Source "ChessBase"]
[SourceQuality "1"]
[TimeControl "40/5400+30:1800+30"]

1. e4 e5 2. Nf3 Nc6 3. Bb5 a6 4. Ba4 Nf6 5. O-O Be7 6. Re1 b5 7. Bb3 d6 8. c3 O-O 9. h3 Nb8 10. d4 Nbd7 11. Nbd2 Bb7 12. Bc2 Re8 13. Nf1 Bf8 14. Ng3 g6 15. Nh2 c5 16. d5 c4 17. Bg5 h6 18. Be3 Nc5 19. Qd2 Kh7 20. Bxc5 dxc5 21. f4 Bd6 22. f5 g5 23. Qe2 Rg8 24. Nh5 Nxh5 25. Qxh5 f6 26. Ng4 Qf8 27. Re3 Qg7 28. Kf2 Bc8 29. Rf3 Be7 30. Ne3 Bd7 31. Rg3 Be8 32. Qe2 h5 33. Rf3 Bd6 34. g3 Rh8 35. Kg2 Kg8 36. Rff1 Qb7 37. Rh1 Rd8 38. Rae1 Rd7 39. Qd1 Rdh7 40. Ref1 Kf8 41. Qe2 1/2-1/2

[Event "EYCC Girls-U14 2019"]
[Site "Bratislava"]
[Date "2019.08.06"]
[Round "5.10"]
[White "Toncheva, Nadya"]
[Black "Lomaia, Diana"]
[Result "1-0"]
[ECO "D20"]
[WhiteElo "2087"]
[BlackElo "1807"]
[Annotator "NA"]
[PlyCount "71"]
[EventDate "2019.08.02"]
[EventType "swiss"]
[EventCountry "SVK"]
[SourceTitle "playchess.com"]
[Source "ChessBase"]
[SourceQuality "1"]
[TimeControl "40/5400+30:1800+30"]

1. d4 d5 2. c4 dxc4 3. e3 c5 4. Bxc4 cxd4 5. exd4 Nf6 6. Nf3 e6 7. O-O Be7 8. Nc3 O-O 9. Re1 Nc6 10. a3 b6 11. Bf4 Bb7 12. Ba2 Rc8 13. Qd3 Na5 14. Ne5 Nd5 15. Bd2 Nxc3 16. bxc3 Bf6 17. Rac1 Nc6 18. f4 Qd6 19. Ng4 Bh4 20. Re3 Qxf4 21. Rg3 Qd6 22. Rh3 f5 23. Rxh4 Qe7 24. g3 g5 25. Rh6 Nd8 26. Ne5 Be4 27. Qe3 g4 28. Qg5+ Qxg5 29. Bxg5 Bd5 30. Bxd5 exd5 31. Rd6 Nf7 32. Nxf7 Rxf7 33. Rxd5 Rc4 34. Bh6 Rfc7 35. Rxf5 Rc8 36. Rcf1 1-0

[Event "EYCC Girls-U14 2019"]
[Site "Bratislava"]
[Date "2019.08.06"]
[Round "5.11"]
[White "Lorente Serrano, Rosa Adela"]
[Black "Mironenko, Galina"]
[Result "0-1"]
[ECO "A04"]
[WhiteElo "1788"]
[BlackElo "1995"]
[Annotator "NA"]
[PlyCount "58"]
[EventDate "2019.08.02"]
[EventType "swiss"]
[EventCountry "SVK"]
[SourceTitle "playchess.com"]
[Source "ChessBase"]
[SourceQuality "1"]
[TimeControl "40/5400+30:1800+30"]

1. Nf3 c5 2. g3 g6 3. Bg2 Nc6 4. O-O Bg7 5. d3 e5 6. e4 Nge7 7. Be3 d6 8. c3 O-O 9. a4 f5 10. Qb3+ Kh8 11. Ng5 f4 12. Bd2 Qe8 13. Na3 h6 14. Nf3 g5 15. Nb5 Qd8 16. h3 g4 17. hxg4 Bxg4 18. Na3 Qe8 19. Nh4 Qh5 20. Rae1 f3 21. Bh1 Bf6 22. Nxf3 Bxf3 23. Bxf3 Qxf3 24. Qe6 Bg7 25. Qxd6 b6 26. Bxh6 Rf6 27. Bxg7+ Kxg7 28. Re3 Qh5 29. g4 Qh4 0-1

[Event "EYCC Girls-U14 2019"]
[Site "Bratislava"]
[Date "2019.08.06"]
[Round "5.12"]
[White "Bashylina, Luisa"]
[Black "Barwinska, Ewa"]
[Result "1-0"]
[ECO "B42"]
[WhiteElo "1989"]
[BlackElo "1758"]
[Annotator "NA"]
[PlyCount "59"]
[EventDate "2019.08.02"]
[EventType "swiss"]
[EventCountry "SVK"]
[SourceTitle "playchess.com"]
[Source "ChessBase"]
[SourceQuality "1"]
[TimeControl "40/5400+30:1800+30"]

1. e4 c5 2. Nf3 e6 3. d4 cxd4 4. Nxd4 a6 5. Bd3 Qc7 6. O-O Nf6 7. Qe2 d6 8. Kh1 Be7 9. f4 Nbd7 10. a4 b6 11. Nc3 Bb7 12. Bd2 h5 13. Rae1 h4 14. Nd5 exd5 15. exd5 O-O 16. Nf5 Bd8 17. c4 Nc5 18. Bc2 b5 19. Bc3 g6 20. Nh6+ Kg7 21. Ng4 Nxa4 22. Bxa4 bxa4 23. f5 Bc8 24. Qd2 Rh8 25. Qg5 Rh5 26. Bxf6+ Kf8 27. Qe3 Bxf6 28. Nxf6 Rh8 29. fxg6 h3 30. g7+ 1-0

[Event "EYCC Girls-U14 2019"]
[Site "Bratislava"]
[Date "2019.08.06"]
[Round "5.13"]
[White "Cornileau, Juliette"]
[Black "Sumarriva Paulin, Laura"]
[Result "1/2-1/2"]
[ECO "C00"]
[WhiteElo "1805"]
[BlackElo "1861"]
[Annotator "NA"]
[PlyCount "60"]
[EventDate "2019.08.02"]
[EventType "swiss"]
[EventCountry "SVK"]
[SourceTitle "playchess.com"]
[Source "ChessBase"]
[SourceQuality "1"]
[TimeControl "40/5400+30:1800+30"]

1. e4 e6 2. d4 d5 3. Bd3 c5 4. exd5 exd5 5. Nf3 Nf6 6. O-O Be7 7. Nbd2 O-O 8. dxc5 Bxc5 9. Nb3 Be7 10. c3 Bg4 11. Be3 Nc6 12. Be2 Re8 13. Nbd4 Qc7 14. Re1 Rad8 15. Qc2 Ne4 16. Rad1 Bc5 17. Qc1 h6 18. h3 Bh5 19. Nf5 Bxe3 20. Nxe3 Qb6 21. Nd4 Bxe2 22. Rxe2 Qa6 23. Qc2 Qxa2 24. Ree1 Nxd4 25. Rxd4 Qa5 26. Red1 Nf6 27. Qb3 Qa6 28. Nxd5 Nxd5 29. Rxd5 Rxd5 30. Qxd5 Qe2 1/2-1/2

[Event "EYCC Girls-U14 2019"]
[Site "Bratislava"]
[Date "2019.08.06"]
[Round "5.14"]
[White "Karavitaki, Evaggelia"]
[Black "Sevcikova, Lucia"]
[Result "1/2-1/2"]
[ECO "B01"]
[WhiteElo "1681"]
[BlackElo "1800"]
[Annotator "NA"]
[PlyCount "100"]
[EventDate "2019.08.02"]
[EventType "swiss"]
[EventCountry "SVK"]
[SourceTitle "playchess.com"]
[Source "ChessBase"]
[SourceQuality "1"]
[TimeControl "40/5400+30:1800+30"]

1. e4 d5 2. exd5 Nf6 3. d4 Bg4 4. f3 Bf5 5. Bb5+ Nbd7 6. Nc3 a6 7. Bd3 Bxd3 8. Qxd3 Nb6 9. Nge2 Nfxd5 10. Nxd5 Qxd5 11. Qe4 O-O-O 12. Qxd5 Nxd5 13. c3 e6 14. Nf4 Bd6 15. Nd3 Rhe8 16. O-O e5 17. c4 Nb4 18. Nxb4 Bxb4 19. a3 Bf8 20. d5 Bc5+ 21. Kh1 Bd4 22. Rb1 e4 23. fxe4 Rxe4 24. b3 Re2 25. Bf4 Rde8 26. Rbd1 Bf6 27. Rd2 Bc3 28. Rxe2 Rxe2 29. Bc1 f6 30. h3 Bb2 31. Bxb2 Rxb2 32. Rf3 Ra2 33. a4 Rb2 34. Kh2 Kd7 35. Re3 c6 36. dxc6+ Kxc6 37. h4 h5 38. Rg3 a5 39. Re3 Kc5 40. Rg3 b6 41. Rxg7 Rxb3 42. Rh7 Kxc4 43. Rxh5 Rb4 44. Rf5 Kb3 45. Rb5 Rxb5 46. axb5 a4 47. h5 a3 48. h6 a2 49. h7 a1=Q 50. h8=Q Qe5+ 1/2-1/2

[Event "EYCC Girls-U14 2019"]
[Site "Bratislava"]
[Date "2019.08.06"]
[Round "5.15"]
[White "Nadzamova, Viktoria"]
[Black "Kiousi, Panagiota"]
[Result "1-0"]
[ECO "B51"]
[WhiteElo "1854"]
[BlackElo "1895"]
[Annotator "NA"]
[PlyCount "81"]
[EventDate "2019.08.02"]
[EventType "swiss"]
[EventCountry "SVK"]
[SourceTitle "playchess.com"]
[Source "ChessBase"]
[SourceQuality "1"]
[TimeControl "40/5400+30:1800+30"]

1. e4 c5 2. Nf3 d6 3. Bb5+ Nd7 4. O-O a6 5. Bd3 b5 6. c3 c4 7. Bc2 Ngf6 8. b3 Bb7 9. bxc4 bxc4 10. Re1 e6 11. Na3 Qc7 12. Rb1 Be7 13. Qe2 Nb6 14. Qe3 Nfd7 15. e5 Rc8 16. exd6 Bxd6 17. h3 h6 18. d4 Nd5 19. Qe4 N7f6 20. Ba4+ Ke7 21. Qc2 Nb6 22. Ra1 Be4 23. Qd1 Nbd5 24. Bb2 Rb8 25. Qc1 Qb6 26. Nxc4 Qc7 27. Nxd6 Rxb2 28. Nxe4 Rhb8 29. Bb3 Nxe4 30. Qxb2 Nexc3 31. Qa3+ Ke8 32. Rac1 Qd7 33. Bxd5 Nxd5 34. Qxa6 Nb4 35. Qe2 Ra8 36. Qc4 Qd6 37. Rb1 Nd5 38. Ne5 Ne7 39. Qc5 Qd8 40. Nc6 Nxc6 41. Qxc6+ 1-0

[Event "EYCC Girls-U14 2019"]
[Site "Bratislava"]
[Date "2019.08.06"]
[Round "5.16"]
[White "Volovich, Julia"]
[Black "Hrebenshchykova, Yelyzaveta"]
[Result "0-1"]
[ECO "A53"]
[WhiteElo "1726"]
[BlackElo "1955"]
[Annotator "NA"]
[PlyCount "92"]
[EventDate "2019.08.02"]
[EventType "swiss"]
[EventCountry "SVK"]
[SourceTitle "playchess.com"]
[Source "ChessBase"]
[SourceQuality "1"]
[TimeControl "40/5400+30:1800+30"]

1. d4 Nf6 2. c4 d6 3. Nc3 e5 4. dxe5 dxe5 5. Qxd8+ Kxd8 6. Bg5 Nbd7 7. O-O-O c6 8. Nf3 Kc7 9. a3 a5 10. e3 Ng4 11. Bh4 f6 12. h3 Nh6 13. g4 a4 14. Bd3 Nc5 15. g5 Nf5 16. gxf6 Nxh4 17. fxg7 Bxg7 18. Nxh4 Be6 19. Be2 Bf6 20. Nf3 Bf5 21. Nd2 Bd3 22. Bf3 Bh4 23. Nce4 Bxe4 24. Nxe4 Nb3+ 25. Kb1 Raf8 26. Bg4 Bxf2 27. Rd7+ Kb6 28. Nxf2 Rxf2 29. Rhd1 h5 30. Be6 Rh6 31. Re7 Rg6 32. c5+ Nxc5 33. Bc4 Rgg2 34. Rxe5 Rxb2+ 35. Ka1 Nb3+ 36. Bxb3 axb3 37. Re4 c5 38. a4 Ra2+ 39. Kb1 Rgb2+ 40. Kc1 Rc2+ 41. Kb1 c4 42. Re6+ Kc5 43. Re5+ Kb4 44. Rb5+ Ka3 45. Rc5 Rcb2+ 46. Kc1 Ra1# 0-1

[Event "EYCC Girls-U14 2019"]
[Site "Bratislava"]
[Date "2019.08.06"]
[Round "5.17"]
[White "Eraslan, Yagmur"]
[Black "Tsotsonava, Elene"]
[Result "0-1"]
[ECO "B49"]
[WhiteElo "1651"]
[BlackElo "1878"]
[Annotator "NA"]
[PlyCount "68"]
[EventDate "2019.08.02"]
[EventType "swiss"]
[EventCountry "SVK"]
[SourceTitle "playchess.com"]
[Source "ChessBase"]
[SourceQuality "1"]
[TimeControl "40/5400+30:1800+30"]

1. e4 c5 2. Nf3 e6 3. d4 cxd4 4. Nxd4 Nc6 5. Nc3 Qc7 6. Be3 a6 7. Be2 Nf6 8. O-O Bb4 9. f3 O-O 10. Nxc6 bxc6 11. Qd4 Rb8 12. Rad1 Rd8 13. Na4 e5 14. Qc4 Qa5 15. b3 d5 16. Qd3 Be7 17. Bd2 Qc7 18. Qe3 Be6 19. Nc5 Qb6 20. Nxe6 Qxe3+ 21. Bxe3 fxe6 22. Bxa6 Ra8 23. Bb7 Rxa2 24. Bxc6 Rc8 25. exd5 exd5 26. Bxd5+ Nxd5 27. Rxd5 Rcxc2 28. Bf2 Re2 29. Rb5 Bg5 30. Rb8+ Kf7 31. Rb7+ Ke6 32. Rxg7 Kf6 33. Rg8 Rxf2 34. Rxf2 Ra1+ 0-1

[Event "EYCC Girls-U14 2019"]
[Site "Bratislava"]
[Date "2019.08.06"]
[Round "5.18"]
[White "Mikhailina, Elena"]
[Black "Kozachenko, Maria"]
[Result "0-1"]
[ECO "B90"]
[WhiteElo "1689"]
[BlackElo "1865"]
[Annotator "NA"]
[PlyCount "200"]
[EventDate "2019.08.02"]
[EventType "swiss"]
[EventCountry "SVK"]
[SourceTitle "playchess.com"]
[Source "ChessBase"]
[SourceQuality "1"]
[TimeControl "40/5400+30:1800+30"]

1. e4 c5 2. Nf3 d6 3. d4 cxd4 4. Nxd4 Nf6 5. Nc3 a6 6. Be3 e5 7. Nb3 Be6 8. f3 h5 9. a4 Nc6 10. Be2 Be7 11. O-O O-O 12. Qd2 Qc7 13. Nd5 Bxd5 14. exd5 Nb8 15. a5 Nbd7 16. Rfd1 Rfc8 17. c4 Bf8 18. Nc1 g6 19. b4 Bg7 20. Ra2 e4 21. f4 Kh7 22. Nb3 Ng8 23. Rc1 Ne7 24. Rac2 Nf6 25. Nd4 Qd7 26. Rb1 Qd8 27. b5 Nd7 28. Nb3 axb5 29. cxb5 Rxc2 30. Qxc2 Nxd5 31. Bd2 Qe7 32. g3 f5 33. Rc1 N7f6 34. a6 bxa6 35. bxa6 Qa7+ 36. Kh1 Ne8 37. Na5 Qf2 38. Be1 Qe3 39. Nc4 Qa7 40. Na5 Ndc7 41. Nc6 Qe3 42. a7 d5 43. Rb1 d4 44. Qd2 Qa3 45. Qa5 Qe3 46. Qd2 Qxd2 47. Bxd2 d3 48. Bf1 Nd6 49. Rb4 Ndb5 50. Ra4 Kg8 51. Be3 Kf7 52. Kg1 Ke6 53. Bg2 Bc3 54. Kf2 Kd6 55. Nd4 Bxd4 56. Bxd4 Nxd4 57. Rxd4+ Nd5 58. Ra4 Kc5 59. h3 Nb6 60. Ra5+ Kb4 61. Ra6 Nc4 62. g4 hxg4 63. hxg4 Kb5 64. Ra1 Na5 65. gxf5 gxf5 66. Bh3 Rxa7 67. Bxf5 e3+ 68. Kf3 d2 69. Rb1+ Kc4 70. Kxe3 Kc3 71. Bg4 Re7+ 72. Kf2 Nb3 73. Rh1 Nc1 74. Rh8 Nd3+ 75. Kg3 Re3+ 76. Kh4 Nxf4 77. Rc8+ Kd4 78. Rd8+ Nd5 79. Bh5 Re4+ 80. Kg3 Re5 81. Bf3 Ke3 82. Bd1 Nc3 83. Bc2 Ne4+ 84. Kg4 Nf6+ 85. Kg3 Nd5 86. Kg2 Ke2 87. Kg3 Re3+ 88. Kg2 Nb4 89. Ba4 Nd3 90. Rd7 Nc5 91. Bb5+ Ke1 92. Rh7 d1=Q 93. Rh1+ Kd2 94. Rxd1+ Kxd1 95. Kf2 Kd2 96. Bc4 Nd3+ 97. Kg2 Ke1 98. Kg1 Rg3+ 99. Kh2 Kf2 100. Bd5 Nf4 0-1

[Event "EYCC Girls-U14 2019"]
[Site "Bratislava"]
[Date "2019.08.06"]
[Round "5.19"]
[White "Blokhin, Sofia"]
[Black "Alekseenko, Mariya"]
[Result "0-1"]
[ECO "B41"]
[WhiteElo "1725"]
[BlackElo "1848"]
[Annotator "NA"]
[PlyCount "54"]
[EventDate "2019.08.02"]
[EventType "swiss"]
[EventCountry "SVK"]
[SourceTitle "playchess.com"]
[Source "ChessBase"]
[SourceQuality "1"]
[TimeControl "40/5400+30:1800+30"]

1. e4 c5 2. Nf3 e6 3. d4 cxd4 4. Nxd4 a6 5. c4 Nc6 6. a3 Nf6 7. Nc3 Qc7 8. Be2 b6 9. Be3 Bb7 10. Qc2 Be7 11. O-O Rc8 12. Rac1 Ne5 13. h3 O-O 14. f4 Ng6 15. e5 Ne8 16. Ne4 d6 17. exd6 Nxd6 18. Nf2 Nh4 19. g4 Bf6 20. Kh2 e5 21. Nf5 Ndxf5 22. gxf5 exf4 23. Bxb6 Qxb6 24. Ng4 f3 25. Bd3 Bg5 26. Rcd1 Qd6+ 27. Kh1 Qg3 0-1

[Event "EYCC Girls-U14 2019"]
[Site "Bratislava"]
[Date "2019.08.06"]
[Round "5.20"]
[White "Kucharska, Helena"]
[Black "Katter, Katharina"]
[Result "1/2-1/2"]
[ECO "C54"]
[WhiteElo "1543"]
[BlackElo "1824"]
[Annotator "NA"]
[PlyCount "54"]
[EventDate "2019.08.02"]
[EventType "swiss"]
[EventCountry "SVK"]
[SourceTitle "playchess.com"]
[Source "ChessBase"]
[SourceQuality "1"]
[TimeControl "40/5400+30:1800+30"]

1. e4 e5 2. Nf3 Nc6 3. Bc4 Bc5 4. c3 Nf6 5. d3 d6 6. h3 a6 7. Nbd2 Ba7 8. Bb3 O-O 9. Nf1 d5 10. Qe2 dxe4 11. dxe4 Qe7 12. Ng3 Bd7 13. O-O Rad8 14. Bc2 Rfe8 15. Nh4 Na5 16. Nhf5 Qe6 17. Qf3 Bb5 18. Re1 Rd7 19. Bg5 c5 20. Rad1 Red8 21. Nh5 Rxd1 22. Nxf6+ Qxf6 23. Bxf6 Rxe1+ 24. Kh2 gxf6 25. Qg4+ Kf8 26. Qg7+ Ke8 27. Qxf6 Nc6 1/2-1/2

[Event "EYCC Girls-U14 2019"]
[Site "Bratislava"]
[Date "2019.08.06"]
[Round "5.21"]
[White "Mihelic, Vesna"]
[Black "Dakic, Marta"]
[Result "1/2-1/2"]
[ECO "B28"]
[WhiteElo "1844"]
[BlackElo "1680"]
[Annotator "NA"]
[PlyCount "47"]
[EventDate "2019.08.02"]
[EventType "swiss"]
[EventCountry "SVK"]
[SourceTitle "playchess.com"]
[Source "ChessBase"]
[SourceQuality "1"]
[TimeControl "40/5400+30:1800+30"]

1. e4 c5 2. Nf3 a6 3. c3 d5 4. exd5 Nf6 5. c4 e6 6. dxe6 Bxe6 7. d4 cxd4 8. Nxd4 Bc5 9. Be3 Ng4 10. Nxe6 Qxd1+ 11. Kxd1 Bxe3 12. fxe3 fxe6 13. Ke2 O-O 14. h3 Nf2 15. Rg1 Ne4 16. Ke1 Ng3 17. Bd3 Nd7 18. Na3 Ne5 19. Rd1 Rad8 20. Be2 Rxd1+ 21. Bxd1 Nd3+ 22. Kd2 Nxb2 23. Bf3 Na4 24. Rd1 1/2-1/2

[Event "EYCC Girls-U14 2019"]
[Site "Bratislava"]
[Date "2019.08.06"]
[Round "5.22"]
[White "Reuter, Elisa"]
[Black "Minaeva, Juliana"]
[Result "1-0"]
[ECO "B92"]
[WhiteElo "1930"]
[BlackElo "1733"]
[Annotator "NA"]
[PlyCount "83"]
[EventDate "2019.08.02"]
[EventType "swiss"]
[EventCountry "SVK"]
[SourceTitle "playchess.com"]
[Source "ChessBase"]
[SourceQuality "1"]
[TimeControl "40/5400+30:1800+30"]

1. e4 c5 2. Nf3 d6 3. d4 cxd4 4. Nxd4 Nf6 5. Nc3 a6 6. Be2 e5 7. Nb3 Be7 8. O-O O-O 9. f4 b5 10. a3 Nc6 11. f5 Bb7 12. Bf3 Rc8 13. Kh1 Nd7 14. Be3 Na5 15. Nxa5 Qxa5 16. Qe1 Qd8 17. Rd1 Nb6 18. Bxb6 Qxb6 19. Qd2 h6 20. Bg4 f6 21. Bh5 Qc5 22. Rf3 b4 23. axb4 Qc4 24. Rg3 Kh7 25. Bg6+ Kg8 26. Bh5 Kh7 27. Bg6+ Kg8 28. b3 Qc7 29. Qe2 Rfd8 30. b5 a5 31. Qg4 Bf8 32. Qe2 d5 33. exd5 Bb4 34. b6 Qc5 35. Ne4 Qxc2 36. Qg4 Kh8 37. Bf7 Bf8 38. Be6 Rxd5 39. Bxd5 Bxd5 40. Rxd5 Qb1+ 41. Rd1 Rc1 42. Nf2 1-0

[Event "EYCC Girls-U14 2019"]
[Site "Bratislava"]
[Date "2019.08.06"]
[Round "5.23"]
[White "Kralj, Nika"]
[Black "Croisille, Shanti"]
[Result "1-0"]
[ECO "B76"]
[WhiteElo "1807"]
[BlackElo "1695"]
[Annotator "NA"]
[PlyCount "107"]
[EventDate "2019.08.02"]
[EventType "swiss"]
[EventCountry "SVK"]
[SourceTitle "playchess.com"]
[Source "ChessBase"]
[SourceQuality "1"]
[TimeControl "40/5400+30:1800+30"]

1. e4 c5 2. Nf3 d6 3. d4 cxd4 4. Nxd4 Nf6 5. Nc3 g6 6. Be3 Bg7 7. f3 O-O 8. Qd2 Nc6 9. g4 Nxd4 10. Bxd4 Be6 11. h4 Qa5 12. a3 Rfc8 13. g5 Nh5 14. Bxg7 Kxg7 15. O-O-O Rab8 16. Bh3 Bxh3 17. Rxh3 b5 18. f4 b4 19. Nd5 Qa4 20. Nxe7 Rc5 21. Qd4+ f6 22. Rd2 Qa6 23. Rd1 b3 24. gxf6+ Nxf6 25. Nd5 Rxd5 26. exd5 bxc2 27. Kxc2 Qe2+ 28. Kb1 Rb7 29. Rhh1 Qe4+ 30. Ka1 Qc2 31. Rd2 Qf5 32. Re1 Kf7 33. Re6 Nxd5 34. Rxd6 Nb6 35. Qe5 Qxe5 36. fxe5 Ke7 37. Rc6 Nd7 38. Re2 Ke8 39. e6 Nf6 40. e7 Rxe7 41. Rxe7+ Kxe7 42. Rc7+ Kd6 43. Rxa7 Ke5 44. b4 Kf4 45. b5 Kg4 46. Ra4+ Kh5 47. b6 Nd7 48. b7 h6 49. Rb4 g5 50. hxg5 hxg5 51. Rd4 Nb8 52. Rd8 Na6 53. b8=Q Nxb8 54. Rxb8 1-0